 Dungeon Crawl Stone Soup version 0.25-a0-632-g7713895373 (webtiles) character file.

Game seed: 10323566690205607969, levelgen mode: deterministic

5893 kae the Grappler (level 10, 0/88 HPs)
             Began as a Yellow Draconian Transmuter on Mar 19, 2020.
             Was a Believer of Wu Jian.
             Succumbed to a soldier ant's poison
             ... on level 8 of the Dungeon.
             The game lasted 00:08:34 (10316 turns).

kae the Grappler (Yellow Draconian Transmuter)     Turns: 10316, Time: 00:08:34

Health: 0/88       AC:  7    Str: 14    XL:     10   Next: 53%
Magic:  14/20      EV: 12    Int: 16    God:    Wu Jian [**....]
Gold:   337        SH:  0    Dex: 11    Spells: 11/22 levels left

rFire    . . .     SeeInvis .     - Unarmed
rCold    . . .     Gourm    .   (shield currently unavailable)
rNeg     . . .     Faith    .   (armour unavailable)
rPois    .         Spirit   .   (helmet restricted)
rElec    .         Reflect  .   r - scarf {cloud immunity}
rCorr    +         Harm     .   (gloves currently unavailable)
MR       .....                  (no boots)
Stlth    +.........             (no amulet)
HPRegen  0.24/turn              (no ring)
MPRegen  0.17/turn              (no ring)

@: lethally poisoned (0 -> -8), blade hands
A: spit acid, unfitting armour, cold-blooded, acid resistance, AC +7
a: Breathe Acid, End Transformation, Wall Jump, Renounce Religion


You were on level 8 of the Dungeon.
You worshipped Wu Jian.
Wu Jian was pleased with you.
You were near starving.
You had blades for hands.
You visited 1 branch of the dungeon, and saw 8 of its levels.

You collected 381 gold pieces.
You spent 44 gold pieces at shops.

Inventory:

Missiles
 a - 88 arrows
Armour
 r - a scarf of cloud immunity (worn)
Jewellery
 x - an uncursed ring of fire
Wands
 p - a wand of enslavement (5)
 u - a wand of digging (4)
Scrolls
 g - 4 scrolls of teleportation
 l - 3 scrolls of enchant armour
 q - 2 scrolls of remove curse
 t - a scroll of identify
 v - 2 scrolls of blinking
 w - a scroll of fear
Potions
 b - a potion of brilliance
 d - 2 potions of resistance
 e - 2 potions of flight
 i - a potion of mutation
 j - 2 potions of stabbing
 k - 2 potions of haste
 m - 3 potions of magic
 n - 2 potions of ambrosia
 s - 2 potions of degeneration
Comestibles
 c - 15 rations


   Skills:
 + Level 7.9 Fighting
 - Level 1.7 Dodging
 * Level 10.5 Unarmed Combat
 + Level 6.8 Spellcasting
 + Level 7.3 Transmutations


You had 11 spell levels left.
You knew the following spells:

 Your Spells              Type           Power        Failure   Level  Hunger
a - Beastly Appendage     Tmut           ####..       13%         1    None
b - Sticks to Snakes      Tmut           ####....     14%         2    None
c - Spider Form           Tmut/Pois      ###.......   43%         3    ##.....
d - Blade Hands           Tmut           ####......   58%         5    #####..

Your spell library contained the following spells:

 Spells                   Type           Power        Failure   Level  Hunger
 Corona                   Hex            #......      52%         1    None
 Ensorcelled Hibernation  Hex/Ice        #.....       61%         2    None
 Ice Form                 Ice/Tmut       ###.....     71%         4    ####...
 Confusing Touch          Hex            #.......     78%         3    ##.....
 Dazzling Flash           Conj/Hex       #.....       78%         3    ##.....
 Tukima's Dance           Hex            #.......     78%         3    ##.....
 Bolt of Magma            Conj/Fire/Erth #.........   100%        5    #####..
 Iskenderun's Battlesphe  Conj/Chrm      #.......     100%        5    #####..
 Iron Shot                Conj/Erth      #.........   100%        6    #######
 Orb of Destruction       Conj           #.........   100%        7    #######
 Spellforged Servitor     Conj/Summ      #.........   100%        7    #######


Dungeon Overview and Level Annotations

Branches:
Dungeon (8/15)             Temple (0/1) D:7
   Lair: D:8-11

Altars:
Elyvilon
Fedhas
Kikubaaqudgha
Sif Muna
Wu Jian
Yredelemnul

Shops:
D:8 ?


Innate Abilities, Weirdness & Mutations

You can spit globs of acid.
Your golden yellow scales are hard. (AC +7)
You cannot fit into any form of body armour.
You are cold-blooded and may be slowed by cold attacks.
You are resistant to acid. (rCorr)


Message History

You feel sick.
A worker ant comes into view.
You completely miss the soldier ant.
The soldier ant is almost dead.
* * * LOW HITPOINT WARNING * * *
You feel sick. The soldier ant barely misses you.
A soldier ant comes into view.
The worker ant bites you but does no damage.
The worker ant twitches its antennae in your direction.
You hit the worker ant but do no damage.
* * * LOW HITPOINT WARNING * * *
You feel sick. The soldier ant stings you!
* * * LOW HITPOINT WARNING * * *
The worker ant barely misses you.
* * * LOW HITPOINT WARNING * * *
You feel sick.
You spin and attack the worker ant.
You slice the worker ant!!
You kill the worker ant!
The Council accepts your kill.
You die...

## #.# #.# #.# #.#
#######.#########.#.#
#.................#.#
#.#.###############.#
#.#.####.......####.###.#
#...........##$##.[.....
....####.##.##.##...#
....#...........@..# .#
....#.##.##.##.##†a###..##
##..[.##.##.##.##.#a.....#
....####.......##.##a...a.#
....# ####.#####a. ...%..#
.#... ...# #.# #....#.
....## ##### #.# ...##
##### #.. #### #.


You could see 2 soldier ants and 2 worker ants.

Vanquished Creatures
  A queen ant (D:8)
  Maggie (D:6)
  2 hippogriffs
  Duvessa (D:6)
  15 soldier ants (D:8)
  2 orc warriors
  A sky beast (D:7)
  An ice beast (D:7)
  A black bear (D:6)
  4 ogres
  A necrophage (D:5)
  A big kobold (D:7)
  2 bullfrogs (D:8)
  A water moccasin zombie (D:6)
  6 scorpions
  A water moccasin skeleton (D:4)
  Dowan (D:6)
  3 killer bees (D:8)
  A centaur zombie (D:5)
  A bullfrog zombie (D:8)
  3 hounds
  A bullfrog skeleton (D:7)
  5 orc priests
  2 iguanas
  7 orc wizards
  17 worker ants
  3 gnolls (D:6)
  6 adders
  A shadow imp (D:6)
  2 oozes
  5 adder skeletons
  4 worms
  3 dart slugs
  7 leopard geckos
  34 orcs
  2 bat skeletons (D:2)
  5 giant cockroaches
  10 goblins
  8 hobgoblins
  11 jackals
  12 kobolds
  3 quokkas
  3 ball pythons
  8 bats
  3 frilled lizards
  3 leopard gecko skeletons
  A quokka zombie (D:5)
  6 rats
222 creatures vanquished.

Vanquished Creatures (collateral kills)
  An ogre (D:5)
1 creature vanquished.

Vanquished Creatures (others)
  A gnoll (D:6)
1 creature vanquished.

Grand Total: 224 creatures vanquished

Notes
Turn   | Place    | Note
-------+----------+-------------------------------------------
     0 | D:1      | kae the Draconian Transmuter began the quest for the Orb.
     0 | D:1      | Reached XP level 1. HP: 16/16 MP: 3/3
    66 | D:1      | Reached XP level 2. HP: 17/23 MP: 3/5
   465 | D:1      | Reached XP level 3. HP: 28/29 MP: 6/6
   497 | D:1      | Learned a level 2 spell: Sticks to Snakes
   501 | D:1      | Learned a level 3 spell: Spider Form
  1188 | D:2      | Reached XP level 4. HP: 34/36 MP: 7/7
  1335 | D:2      | Reached skill level 4 in Unarmed Combat
  2421 | D:3      | Reached XP level 5. HP: 16/42 MP: 9/9
  2998 | D:4      | Reached XP level 6. HP: 44/51 MP: 6/10
  3026 | D:4      | Reached skill level 5 in Unarmed Combat
  3430 | D:4      | Found an ancient bone altar of Kikubaaqudgha.
  3433 | D:4      | Found a blossoming altar of Fedhas.
  3745 | D:4      | Your scales start taking on a golden yellow colour.
  3745 | D:4      | Reached XP level 7. HP: 58/58 MP: 9/12
  3745 | D:4      | Gained mutation: You are resistant to acid. (rCorr) [Yellow
                  | Draconian growth]
  4119 | D:5      | Entered Level 5 of the Dungeon
  4603 | D:5      | Found a shimmering blue altar of Sif Muna.
  4636 | D:5      | Reached skill level 6 in Unarmed Combat
  4763 | D:5      | Found a white marble altar of Elyvilon.
  4816 | D:5      | Found a basalt altar of Yredelemnul.
  5647 | D:5      | Found an ornate altar of the Wu Jian Council.
  5704 | D:5      | Became a worshipper of the Wu Jian Council
  5719 | D:6      | Noticed Duvessa
  5719 | D:6      | Noticed Dowan
  5739 | D:6      | Killed Dowan
  5741 | D:6      | Killed Duvessa
  5741 | D:6      | Reached XP level 8. HP: 6/67 MP: 9/14
  6069 | D:6      | Noticed Maggie
  6261 | D:6      | Reached skill level 5 in Fighting
  6261 | D:6      | Reached skill level 7 in Unarmed Combat
  6333 | D:6      | Noticed a hippogriff
  6350 | D:6      | Killed a hippogriff
  6350 | D:6      | Reached skill level 5 in Transmutations
  6595 | D:6      | Found a blossoming altar of Fedhas.
  6711 | D:6      | Killed Maggie
  6711 | D:6      | Reached skill level 5 in Spellcasting
  6880 | D:7      | Reached skill level 8 in Unarmed Combat
  6893 | D:6      | Reached XP level 9. HP: 33/75 MP: 14/16
  7087 | D:6      | Learned a level 5 spell: Blade Hands
  7794 | D:7      | Found a staircase to the Ecumenical Temple.
  8147 | D:7      | Reached * piety under Wu Jian
  8459 | D:8      | Found Exkadd's Magic Scroll Shop.
  8501 | D:8      | Bought a scroll of identify for 22 gold pieces
  8501 | D:8      | Bought a scroll of identify for 22 gold pieces
  8803 | D:8      | Reached skill level 9 in Unarmed Combat
  9894 | D:8      | Reached XP level 10. HP: 76/86 MP: 16/19
  9899 | D:8      | Noticed a queen ant
  9923 | D:8      | Killed a queen ant
  9923 | D:8      | Reached skill level 10 in Unarmed Combat
  9957 | D:8      | Reached ** piety under Wu Jian
 10314 | D:8      | HP: 1/88 [soldier ant (7)]
 10316 | D:8      | Succumbed to a soldier ant's poison

Levels and vault maps discovered:
D:1:      noname_arrival_rooms_in_the_neighbourhood, layout_basic
D:2:      layout_loops_ring, serial_undead, serial_undead_f, serial_undead_c,
          serial_undead_a, serial_undead_b
D:3:      layout_basic
D:4:      layout_gridville, grunt_temple_overflow_growth_and_decay
D:5:      layout_gridville, kennysheep_ying_yang, lemuel_round_altar,
          kennysheep_mini, first_ration
D:6:      layout_cave_pools, basic_altar, uniq_duvessa, uniq_maggie
D:7:      layout_loops_ring, temple_fountains
D:8:      layout_loops_ring, zin_angel, serial_shops, shop, the_bakery,
          minmay_fountain_box, minivault_29

Skill      XL: |  1  2  3  4  5  6  7  8  9 10 |
---------------+-------------------------------+-----
Fighting       | 2 3 4 5 7 |  7.9
Unarmed Combat | 4 5 6 8 9 10 | 10.5
Transmutations | 3 4 5 6 7 |  7.3
Spellcasting   | 3 4 5 6 |  6.8
Dodging        | |  1.7

Action                   |  1- 3 |  4- 6 |  7- 9 | 10-12 || total
-------------------------+-------+-------+-------+-------++-------
Melee: Unarmed           |   156 |   231 |   318 |    73 ||   778
       Headbutt          |     5 |    12 |     2 |       ||    19
       Tailslap          |    17 |    21 |     9 |     4 ||    51
       Kick              |     7 |    12 |       |       ||    19
       Punch             |     1 |     5 |     1 |     2 ||     9
 Cast: Beastly Appendage |    15 |    24 |     3 |       ||    42
       Spider Form       |       |     4 |    33 |       ||    37
       Sticks to Snakes  |       |       |     2 |       ||     2
       Blade Hands       |       |       |       |     2 ||     2
Invok: Lunge             |       |       |    11 |     2 ||    13
       Whirlwind         |       |       |     1 |     1 ||     2
 Abil: Breathe Acid      |       |       |     7 |     1 ||     8
       End Transformatio |       |       |     1 |       ||     1
  Use: Scroll            |       |    14 |     7 |       ||    21
       Potion            |       |       |     2 |     6 ||     8
  Eat: Chunk             |     1 |    10 |    24 |       ||    35
Armor: Skin              |    55 |    56 |    47 |    12 ||   170
Dodge: Dodged            |   111 |   147 |   241 |    25 ||   524

Table legend:
 A = Non-vault XP
 B = Vault XP
 C = Vault XP percentage of total XP
 D = Non-vault monster count
 E = Vault monster count
 F = Vault count percentage of total count
                 A         B        C        D         E       F
            +---------+---------+-------+---------+---------+-------
      Total |    4258 |    4161 |  49.4 |     188 |      36 |  16.1
            +---------+---------+-------+---------+---------+-------
        D:1 |      56 |       0 |   0.0 |      29 |       0 |   0.0
        D:2 |      68 |      15 |  18.1 |      17 |       5 |  22.7
        D:3 |     160 |       0 |   0.0 |      35 |       0 |   0.0
        D:4 |     470 |       0 |   0.0 |      22 |       0 |   0.0
        D:5 |     655 |       0 |   0.0 |      24 |       0 |   0.0
        D:6 |     862 |     599 |  41.0 |      17 |       3 |  15.0
        D:7 |     940 |       0 |   0.0 |      22 |       0 |   0.0
        D:8 |    1047 |    3547 |  77.2 |      22 |      28 |  56.0
            +---------+---------+-------+---------+---------+-------
